 Dungeon Crawl Stone Soup version 0.26.1-11-gd32895ea62 (webtiles) character file.

Game seed: 13552922366187276466

551 Thian the Cudgeller (level 7, -4/44 HPs)
             Began as a Gargoyle Fighter on June 29, 2021.
             Slain by an ogre
             ... wielding a +0 giant spiked club
              (13 damage)
             ... on level 4 of the Dungeon.
             The game lasted 00:09:58 (2844 turns).

Thian the Cudgeller (Gargoyle Fighter)              Turns: 2844, Time: 00:09:58

Health: -4/44      AC: 16    Str: 20    XL:     7   Next: 29%
Magic:  7/7        EV:  7    Int:  8    God:
Gold:   157        SH:  9    Dex: 11    Spells: 6/6 levels left

rFire    . . .     SeeInvis .   a - +0 flail
rCold    + . .     Faith    .   c - +0 kite shield
rNeg     + . .     Spirit   .   b - +0 scale mail
rPois    ∞         Reflect  .   t - +1 helmet
rElec    +         Harm     .   (no cloak)
rCorr    .         Rampage  .   i - +1 pair of gloves
Will     .....                  (no boots)
Stlth    ..........             (no amulet)
HPRegen  0.14/turn              n - ring of protection from cold
MPRegen  0.10/turn              (no ring)

@: no status effects
A: negative energy resistance 1, electricity resistance, unbreathing,
petrification resistance, miasma immunity, AC +4
a: no special abilities


You were on level 4 of the Dungeon.
You visited 1 branch of the dungeon, and saw 4 of its levels.

You collected 157 gold pieces.

Inventory:

Hand Weapons
 a - a +0 flail (weapon)
 o - a +3 whip of venom
Armour
 b - a +0 scale mail (worn)
 c - a +0 kite shield (worn)
 g - a +0 pair of gloves
 i - a +1 pair of gloves (worn)
 t - a +1 helmet (worn)
Jewellery
 n - a ring of protection from cold (left hand)
Scrolls
 e - 2 scrolls of fear {unknown}
 h - 4 scrolls of identify
 j - 3 scrolls of teleportation {unknown}
 p - 4 scrolls of remove curse {unknown}
 u - 3 scrolls of enchant armour {unknown}
 v - a scroll of immolation {unknown}
Potions
 d - 2 potions of might
 f - a potion of invisibility {unknown}
 k - 2 potions of heal wounds {unknown}
 l - 3 potions of degeneration {unknown}
 m - 3 potions of haste {unknown}
 q - a potion of mutation {unknown}
 r - 2 potions of attraction {unknown}
 s - a potion of curing {unknown}
 w - a potion of berserk rage {unknown}


   Skills:
 + Level 4.9 Fighting
 * Level 5.1 Maces & Flails
 + Level 4.9 Armour
 + Level 4.9 Shields


You had 6 spell levels left.
You didn't know any spells.
Your spell library was empty.

Dungeon Overview and Level Annotations

Branches:
Dungeon (4/15)
 Temple: D:4-7

Altars:
Vehumet

Annotations:
D:4 Blork the orc


Innate Abilities, Weirdness & Mutations

You are resistant to torment.
Your stone body is resilient. (AC +4)
You are immune to poison.
You resist negative energy. (rN+)
You are resistant to electric shocks. (rElec)
You can survive without breathing.
You are immune to petrification.
You are immune to miasma.


Message History

The ogre hits you with a +0 giant spiked club.
You hit the ogre.
The ogre is lightly wounded.
Your shield and scale mail prevent you from hitting the ogre.
The ogre is lightly wounded.
The ogre completely misses you.
You sock the ogre!
The ogre is moderately wounded.
The ogre hits you with a +0 giant spiked club!
You sock the ogre!
The ogre is severely wounded.
The ogre hits you with a +0 giant spiked club!!
Ouch! That really hurt!
* * * LOW HITPOINT WARNING * * *
You are too injured to fight recklessly!
You see here a mace.
There are no items here.
You block the ogre's attack.
The ogre hits you with a +0 giant spiked club!
You die...

####.........##.....
####
#..######.......#
#...## ##.#
#.......#.# ......
#.# #.......#.###
...... #.#
#.......#.... .≈≈≈..
#.# #............
≈≈≈≈≈. #.#
#........# ≈...≈≈
####.####........#
≈o>.≈≈
#...@O..#........#
≈...≈≈
#....##......###.#
≈≈≈≈≈.
#.#..##..##### ...
.≈≈≈.. #...###..####
#### ......
#...........# ......
##.#####.##.#######.
#...##
#.........)........
###
###########.######.
.# ##.##


You could see an ogre.

Vanquished Creatures
  Sigmund (D:3)
  A bullfrog (D:3)
  An orc priest (D:3)
  2 orc wizards (D:3)
  Jessica (D:2)
  Natasha (D:3)
  2 worker ants
  Robin (D:2)
  2 adders
  An ooze (D:3)
  4 worms
  3 dart slugs
  A leopard gecko (D:3)
  9 orcs (D:3)
  6 bats
  9 giant cockroaches
  19 goblins
  7 hobgoblins
  4 jackals (D:2)
  A quokka (D:4)
  8 frilled lizards
  3 kobolds
  3 rats (D:3)
90 creatures vanquished.

Notes
Turn   | Place    | Note
-------+----------+-------------------------------------------
     0 | D:1      | Thian the Gargoyle Fighter began the quest for the Orb.
     0 | D:1      | Reached XP level 1. HP: 14/14 MP: 1/1
     6 | D:1      | Noticed a polar bear
     6 | D:1      | Noticed a rime drake
     6 | D:1      | Noticed an anaconda
     6 | D:1      | Noticed a hound
   187 | D:1      | Reached XP level 2. HP: 19/19 MP: 2/2
   768 | D:2      | Reached XP level 3. HP: 22/23 MP: 3/3
   792 | D:2      | You fall into a shaft and drop 1 floor!
   831 | D:3      | Reached skill level 3 in Maces & Flails
   831 | D:3      | Reached XP level 4. HP: 23/29 MP: 4/4
  1131 | D:2      | Noticed Natasha
  1131 | D:2      | Noticed Robin
  1259 | D:3      | Reached XP level 5. HP: 29/33 MP: 5/5
  1372 | D:3      | Found a radiant altar of Vehumet.
  1453 | D:3      | Noticed Sigmund
  1460 | D:3      | Reached skill level 4 in Maces & Flails
  1465 | D:3      | Killed Sigmund
  1466 | D:3      | Reached XP level 6. HP: 26/39 MP: 6/6
  2008 | D:4      | Noticed Blork the orc
  2092 | D:2      | Noticed Jessica
  2232 | D:3      | Killed Natasha
  2233 | D:3      | Reached XP level 7. HP: 39/44 MP: 7/7
  2278 | D:2      | Killed Jessica
  2284 | D:2      | Killed Robin
  2285 | D:2      | Reached skill level 5 in Maces & Flails
  2477 | D:2      | Found a faded altar of an unknown god.
  2844 | D:4      | Slain by an ogre

Illustrated notes

Levels and vault maps discovered:
D:1:      onia_arrival_zoo_common, layout_rooms, minmay_misc_feat_iff
D:2:      layout_rooms, chequers_ecumenical_altar_twisty, uniq_natasha,
          uniq_robin, uniq_jessica
D:3:      layout_loops_ring, vehumet_crystals, uniq_sigmund
D:4:      layout_loops_cross, tgw_sif, vehumet_altar_wand_db

Skill      XL: |  1  2  3  4  5  6  7 |
---------------+----------------------+-----
Maces & Flails | 3 4 5 |  5.1
Fighting       | 4 |  4.9
Armour         | 4 |  4.9
Shields        | 4 |  4.9

Action                   |  1- 3 |  4- 6 |  7- 9 || total
-------------------------+-------+-------+-------++-------
Melee: Flail             |    92 |   169 |    81 ||   342
  Use: Scroll            |     3 |       |       ||     3
Armor: Scale mail        |    67 |   119 |    43 ||   229
Dodge: Dodged            |    38 |    63 |    29 ||   130
Block: Kite shield       |    53 |   111 |    47 ||   211
